[Event "EYTCC Open U18 2022"]
[Site "Thessaloniki"]
[Date "2022.07.18"]
[Round "7.19"]
[White "Borrmann, Laurenz"]
[Black "Gregoric, Andraz"]
[Result "1-0"]
[ECO "C50"]
[WhiteElo "2274"]
[BlackElo "2199"]
[Annotator "TA"]
[PlyCount "151"]
[EventDate "2022.07.12"]
[EventType "team-tourn"]
[EventCountry "GRE"]
[SourceTitle "playchess.com"]
[Source "ChessBase"]
[SourceQuality "1"]
[WhiteTeam "Austria"]
[BlackTeam "Slovenia"]
[WhiteTeamCountry "AUT"]
[BlackTeamCountry "SLO"]
[TimeControl "40/5400+30:1800+30"]

1. e4 e5 2. Nf3 Nc6 3. Bc4 Bc5 4. d3 Nf6 5. a4 a5 6. O-O {[%emt 0:00:15] C50: Hungarian Defence and Giuoco Pianissimo.} d6 7. h3 O-O 8. Bg5 {[%emt 0:01:24] The position is equal.} h6 {[%emt 0:00:04] [#]} 9. Be3 $146 ({Predecessor:} 9. Bh4 g5 10. Bg3 Nh5 11. Bh2 Nf4 12. c3 Qf6 13. Bxf4 gxf4 14. Bd5 Ne7 15. d4 {0-1 (39) Bilguun,S (2497)-Aronian,L (2765) St Petersburg 2018}) 9... Ba7 10. Nbd2 Ne7 11. Bxa7 Rxa7 12. d4 Ng6 13. Re1 Qe7 14. Bf1 Rd8 15. Nc4 Nh7 16. Qd2 Ng5 17. Nxg5 Qxg5 18. Rad1 Be6 19. dxe5 {[%emt 0:02:44] Black must now prevent Qxg5.} Bxc4 20. Bxc4 {[%emt 0:02:22] Threatens to win with Qxg5.} Nxe5 21. Be2 {[%emt 0:00:18] Against Nf3+. And now f4 would win.} Qxd2 22. Rxd2 g5 23. f3 Kf8 24. Kf2 Ke7 25. Rh1 Raa8 26. h4 Rh8 27. Rdd1 Ng6 28. hxg5 hxg5 29. Rxh8 Rxh8 $11 {[%emt 0:00:06][%mdl 4096] Endgame KRB-KRN} (29... Nxh8 $11 30. Rh1 Ng6) 30. Rd5 $16 b6 31. Rxg5 Rh1 32. Bf1 Nf4 33. Rf5 Ne6 34. Rd5 {[%emt 0:00:10] Inhibits Nd4.} Nf4 35. Rd1 Kf6 36. g3 Ne6 37. Kg2 Rh8 38. Bc4 Nc5 39. b3 Rh5 (39... Nd7 $16 40. g4 Ke7) 40. Rh1 $18 Rxh1 41. Kxh1 {[%emt 0:00:46] KB-KN} Kg6 42. Kg2 f6 (42... Kg7 $142 43. Kf2 c6) 43. Bd5 Na6 44. c3 {[%emt 0:00:19] Against Nb4} Nc5 (44... Kg7 $142 45. Kh3 Nc5) 45. Kf2 Nd3+ $2 (45... Nd7 46. Ke3 Kg7) 46. Ke3 Ne5 47. f4 Nd7 48. Kd4 Nb8 49. b4 c6 50. Be6 Na6 51. Bc8 Nc7 52. e5 fxe5+ 53. fxe5 c5+ 54. bxc5 dxc5+ 55. Ke4 b5 56. axb5 Nxb5 57. Kd3 a4 58. Be6 $1 a3 $2 {[%emt 0:00:21][%mdl 8192] [#] This move loses the game for Black.} (58... Nc7 $16 59. Bc4 Kg7) 59. Kc2 $1 {[%emt 0:09:03] Bd5 is the strong threat.} Nc7 {[%emt 0:02:01] Prevents Bd5.} 60. Bc4 Kf5 {[%emt 0:00:45] [#]} 61. e6 $1 Kf6 62. Kb3 Ne8 63. Kxa3 Nd6 64. Bd5 Nf5 65. Ka4 Ke7 66. Kb5 Nxg3 67. Kxc5 {[%emt 0:00:09] White mates.} Nf5 68. c4 Nd6 69. Kc6 Ne8 70. c5 Kd8 71. Kb7 Ke7 72. c6 Kd6 73. Ba2 Nc7 74. e7 Ne8 75. Bf7 Kxe7 76. Bxe8 {[%emt 0:00:06] Weighted Error Value: White=0.08 (flawless) /Black=0.22 (precise)} 1-0

[Event "EYTCC Open U18 2022"]
[Site "Thessaloniki"]
[Date "2022.07.18"]
[Round "7.20"]
[White "Skrbec, Leon"]
[Black "Marakovits, Nico"]
[Result "1/2-1/2"]
[ECO "B33"]
[WhiteElo "2103"]
[BlackElo "2259"]
[Annotator "TA"]
[PlyCount "120"]
[EventDate "2022.07.12"]
[EventType "team-tourn"]
[EventCountry "GRE"]
[SourceTitle "playchess.com"]
[Source "ChessBase"]
[SourceQuality "1"]
[WhiteTeam "Slovenia"]
[BlackTeam "Austria"]
[WhiteTeamCountry "SLO"]
[BlackTeamCountry "AUT"]
[TimeControl "40/5400+30:1800+30"]

1. e4 c5 2. Nf3 Nc6 3. d4 cxd4 4. Nxd4 Nf6 5. Nc3 e5 6. Ndb5 d6 7. Bg5 a6 8. Na3 b5 9. Nd5 Be7 10. Bxf6 Bxf6 11. c4 b4 {[%emt 0:00:38] B33: Sicilian: Pelikan and Sveshnikov Variations.} (11... Nd4 {is more complex.} 12. cxb5 Be6 13. Bc4 axb5 14. Bxb5+ Kf8) 12. Nc2 O-O 13. g3 a5 14. Bg2 Bg5 {[%emt 0:00:39] 14...g6 is the hot move.} 15. O-O Ne7 16. Nde3 Bxe3 17. Nxe3 Be6 18. b3 Qc7 19. Qd2 Rfd8 {[%emt 0:05:36] [#]} 20. f4 $146 ({Predecessor:} 20. h4 Nc6 21. Nc2 a4 22. Kh2 Qa5 23. Bh3 Qc5 24. Rfd1 h6 25. h5 Ra7 26. Kg2 Bxh3+ 27. Kxh3 {1-0 (74) Alekseenko,K (2638)-Zhigalko,S (2604) St Petersburg 2018}) 20... f6 21. f5 Bf7 22. g4 Nc6 23. Nc2 a4 24. h4 Qb6+ 25. Kh2 h6 26. g5 hxg5 27. hxg5 Kf8 $1 28. g6 Bg8 29. Kg3 Qc5 30. Qd3 Ra6 31. Rad1 Ke7 32. Bf3 Rda8 33. Rf2 Nd8 (33... Na5 $14) 34. Rfd2 {[%emt 0:02:10] White is much more active.} ({White should play} 34. Qf1 $1 $16 ) 34... Nb7 $14 35. Rh1 axb3 36. axb3 Ra2 37. Ne3 Rxd2 38. Qxd2 Ra3 $2 (38... Na5 $11 39. Bd1 Nc6) 39. Rh8 $18 Kf8 (39... Bxc4 $142 40. Rh7 (40. Nxc4 Rxb3 41. Rg8 Qxc4 $16) 40... Kf8) 40. Ng4 Rxb3 {[%emt 0:00:00] [#]} 41. Nxf6 $2 Qg1+ $11 42. Kh4 {[%emt 0:00:06][%cal Bg3h4,Bh4g5,Bg5f5][%mdl 32] The board is on fire.} Ke7 $2 43. Nxg8+ $18 Kd7 {[%emt 0:00:44] [#]} 44. Bg4 $4 (44. Nf6+ $1 $18 gxf6 45. Qg2) 44... Qg3+ $4 ({Don't do} 44... Qh1+ 45. Kg5 Qxh8 46. f6+ Kc7 47. f7 $18) (44... Nc5 $19 45. f6+ Kc7) 45. Kg5 {[%emt 0:02:10] Threatening mate with f6+.} Nc5 {[%emt 0:00:18] [#]} 46. f6+ $2 (46. Nf6+ $1 $18 gxf6+ 47. Kh5) 46... Kc7 {[%emt 0:01:37] ( -> ...Ne6+)} 47. Rh3 (47. Qd5 Qe3+ 48. Kh4 Rb2) 47... Nxe4+ (47... Qxh3 $2 48. Bxh3 Nxe4+ 49. Kh4 Nxd2 50. fxg7 Nf3+ 51. Kh5 $18) (47... Ne6+ $1 $11 48. Kh5 Nf4+ 49. Qxf4 Qxf4 50. Rxb3 gxf6 51. Nxf6 Qxf6) 48. Kf5 Qxh3 (48... Nxd2 $142 49. Rxg3 Rxg3) 49. Bxh3 Nxd2 {[%emt 0:00:13][%mdl 4096] Endgame [#] KRN-KBN} 50. Bg4 $2 (50. fxg7 $1 $18 Ra3 51. Nf6) 50... gxf6 $1 $11 {[%emt 0:07:37] The position is equal.} (50... Nxc4 $2 51. f7 Rb2 52. Bf3 $18) 51. Nxf6 Ra3 (51... Nxc4 $2 52. g7 Ne3+ 53. Ke6 Nxg4 54. Nxg4 $18) 52. Ne8+ Kb6 53. g7 b3 54. g8=Q b2 55. Nxd6 {[%emt 0:00:49] And now Qb8+ would win.} (55. c5+ $2 Kxc5 56. Nf6 b1=Q+ $19) 55... b1=Q+ 56. Ke6 {[%emt 0:00:10] Threatens to win with Bf5.} Ra6 {[%emt 0:03:01] Strongly threatening ...Kc5.} 57. Bf5 Qb4 58. Kd7 {[%emt 0:12:48] Hoping for Qd8+.} (58. Qg7 $2 Nxc4 59. Qb7+ Ka5 60. Qd5+ Ka4 61. Qd1+ Qb3 62. Qa1+ Qa3 63. Qxa3+ Kxa3 $19) 58... Ra7+ 59. Ke6 {[%emt 0:00:09] aiming for Qb8+.} Ra6 60. Kd7 {[%emt 0:00:06] Black must now prevent Qd8+.} ({Wrong is} 60. Qg7 $2 Nxc4 61. Qb7+ Ka5 62. Qd5+ Ka4 63. Qd1+ Qb3 64. Qa1+ Qa3 65. Qxa3+ Kxa3 $19) 60... Ra7+ {[%emt 0:00:17] Weighted Error Value: White=0.64/Black=0.31} 1/2-1/2

[Event "EYTCC Open U18 2022"]
[Site "Thessaloniki"]
[Date "2022.07.18"]
[Round "7.21"]
[White "Filip, Andrei"]
[Black "Subelj, Jan"]
[Result "0-1"]
[ECO "B06"]
[WhiteElo "2344"]
[BlackElo "2498"]
[Annotator "TA"]
[PlyCount "86"]
[EventDate "2022.07.12"]
[EventType "team-tourn"]
[EventCountry "GRE"]
[SourceTitle "playchess.com"]
[Source "ChessBase"]
[SourceQuality "1"]
[WhiteTeam "Romania"]
[BlackTeam "Slovenia"]
[WhiteTeamCountry "ROU"]
[BlackTeamCountry "SLO"]
[TimeControl "40/5400+30:1800+30"]

1. e4 g6 2. d4 Bg7 3. Nf3 d6 4. c4 Bg4 5. Be2 Bxf3 6. Bxf3 Nc6 7. Be3 e5 8. d5 Nd4 9. Nc3 c5 $1 {[%emt 0:02:46] 9...c5 scores better than 9...Ne7.} 10. dxc6 {[%emt 0:19:58] A41: 1 d4 d6: Tartakower System and Modern Defence.} bxc6 11. O-O Ne7 12. c5 {[%emt 0:07:25] White is slightly better.} O-O 13. cxd6 Qxd6 14. Be2 {[%emt 0:01:17] [#]} c5 $146 ({Predecessor:} 14... Rab8 15. b3 Rfd8 16. Bc4 Nc8 17. f4 Qb4 18. Bxd4 Rxd4 19. Qf3 Nd6 20. fxe5 Nxc4 21. bxc4 Qxc4 {½-½ (38) Jerez Perez,A (2410)-Rodriguez Vila,A (2531) Canovelles 2008}) 15. Bc4 Kh8 16. Rc1 f5 17. f3 Rab8 18. b3 f4 19. Bf2 g5 20. Nd5 Nec6 21. Be2 Rg8 22. Qd3 Bf8 23. Qa6 Qd8 24. h3 Rg6 25. Qc4 h5 26. Bd1 Rb7 27. Rc3 Qa5 28. a4 Qd8 29. Qd3 Rh7 30. Qc4 Qd7 {[%emt 0:01:18] Black is more active.} 31. Re1 a5 32. Rd3 Qg7 33. Rc3 (33. Bxd4 $15 cxd4 34. Be2) 33... Qh6 $17 34. Kf1 {[%emt 0:00:31] [#] Now White is beyond hope.} (34. Kh1 $17) 34... g4 $1 $19 35. fxg4 (35. h4 {nothing else works.}) 35... hxg4 36. Bxg4 {[%emt 0:00:32] [#]} Rxg4 37. hxg4 (37. Nf6 Qxf6) 37... Qh1+ 38. Bg1 {[%emt 0:00:01] Threatens to win with Nf6.} f3 39. Ne3 Bh6 {[%emt 0:02:16] ( -> ...Bxe3)} (39... Ne2 $2 40. Rxe2 fxe2+ 41. Qxe2 $18) ({Wrong is} 39... Rg7 $2 40. Kf2 $19) 40. Kf2 Bf4 {[%emt 0:00:00] Black mates.} 41. Rc2 Nxc2 {[%emt 0:03:30] Pair of Knights!} 42. Qe6 Qh4+ 43. Kxf3 N6d4# {[%emt 0:00:08] Weighted Error Value: White=0.55/Black=0.13 (very precise)} 0-1

[Event "EYTCC Open U18 2022"]
[Site "Thessaloniki"]
[Date "2022.07.18"]
[Round "7.22"]
[White "Marn, Jan"]
[Black "Stepanencu, Nicodim-Cosmin"]
[Result "1-0"]
[ECO "E04"]
[WhiteElo "2282"]
[BlackElo "2277"]
[Annotator "TA"]
[PlyCount "73"]
[EventDate "2022.07.12"]
[EventType "team-tourn"]
[EventCountry "GRE"]
[SourceTitle "playchess.com"]
[Source "ChessBase"]
[SourceQuality "1"]
[WhiteTeam "Slovenia"]
[BlackTeam "Romania"]
[WhiteTeamCountry "SLO"]
[BlackTeamCountry "ROU"]
[TimeControl "40/5400+30:1800+30"]

1. d4 Nf6 2. c4 e6 3. g3 d5 4. Nf3 dxc4 5. Bg2 c5 6. O-O Nc6 7. dxc5 Qxd1 8. Rxd1 Bxc5 9. Nbd2 c3 10. bxc3 O-O 11. Nb3 Be7 12. c4 Bd7 13. Nfd4 {[%emt 0:05:25] E04: Open Catalan: 5 Nf3.} Rac8 14. Nb5 {[%emt 0:04:15] [#]} Nb4 $146 ({Predecessor:} 14... Rfd8 15. c5 Be8 16. Bf4 Rxd1+ 17. Rxd1 a6 18. Nd6 Rd8 19. Rb1 Bxd6 20. cxd6 e5 21. Bxc6 exf4 22. Bxb7 fxg3 23. hxg3 Rxd6 {1-0 (60) Kollars,D (2635)-Goryachkina,A (2610) Chess.com INT 2022}) 15. Bg5 {[%emt 0:05:51] [#] Rxd7 is the strong threat. The position is equal.} Bxb5 16. cxb5 h6 17. Bd2 {[%emt 0:03:18] This bishop pair is nice.} Nc2 18. Rac1 Nd5 19. Bxd5 exd5 20. Bf4 Ba3 21. Rb1 Rfe8 22. Kf1 g5 23. Bc1 Re5 24. Bb2 Bxb2 25. Rxb2 {[%emt 0:00:05] aiming for Rc1.} d4 $2 {[%emt 0:01:19][%mdl 8192] [#] This costs Black the game.} (25... Na3 $1 $11) 26. Rc1 $1 $18 Ne3+ (26... d3 $2 27. exd3 Rc3 28. Rbxc2) 27. fxe3 {[%emt 0:00:05] White is clearly winning.} Rxc1+ 28. Nxc1 dxe3 {[%emt 0:00:02][%mdl 4096] Endgame KRN-KR} 29. Nd3 Rf5+ 30. Kg2 Kg7 31. Rb4 a5 32. bxa6 bxa6 33. Ra4 Rf6 34. Re4 Rc6 35. Kf3 f5 36. Re5 Rc2 37. Ra5 {[%emt 0:00:08] Weighted Error Value: White=0.04 (flawless) /Black=0.47} 1-0

[Event "EYTCC Open U18 2022"]
[Site "Thessaloniki"]
[Date "2022.07.18"]
[Round "7.23"]
[White "Antonica, Dragos-Andrei"]
[Black "Nareks, Matic"]
[Result "0-1"]
[ECO "A01"]
[WhiteElo "2355"]
[BlackElo "2221"]
[Annotator "TA"]
[PlyCount "44"]
[EventDate "2022.07.12"]
[EventType "team-tourn"]
[EventCountry "GRE"]
[SourceTitle "playchess.com"]
[Source "ChessBase"]
[SourceQuality "1"]
[WhiteTeam "Romania"]
[BlackTeam "Slovenia"]
[WhiteTeamCountry "ROU"]
[BlackTeamCountry "SLO"]
[TimeControl "40/5400+30:1800+30"]

1. b3 {[%emt 0:00:02] Ftacnik,L} e5 2. Bb2 Nc6 3. c4 Nf6 4. e3 d5 5. cxd5 Nxd5 6. a3 Bd6 7. Qc2 O-O 8. Nf3 Qe7 9. d3 f5 {[%emt 0:05:13] A01: Nimzowitsch-Larsen Opening.} 10. Nbd2 {[%emt 0:01:56] 10.Nbd2 is better than 10.Be2.} Kh8 11. b4 Bd7 {[%emt 0:03:57] [#] Black has an edge.} 12. g3 $146 ({Predecessor:} 12. Be2 Rae8 13. Nc4 e4 14. Nxd6 cxd6 15. dxe4 fxe4 16. Nd4 Qg5 17. g3 Rxf2 18. Nxc6 Nxe3 19. Qc3 Ref8 20. Nd4 Rxe2+ {0-1 (20) Gorovets,A (2345)-Fedorov,A (2603) Minsk 2005 CBM 106 [Ftacnik,L]}) 12... Rae8 13. e4 fxe4 14. dxe4 {[%emt 0:00:23] [#]} Nd4 (14... a5 $1 $17 15. bxa5 (15. exd5 $2 Nd4 $17) 15... Nxa5 $1) 15. Nxd4 $11 exd4 16. Bd3 (16. Bxd4 $11 {remains equal.} Be5 17. Bc5) 16... Bh3 $1 $17 {[%emt 0:19:50] 0x0.001b83290227dp-1022s more active pieces. The white rooks are badly placed.} 17. Bxd4 Be5 (17... c5 $1 $17 18. bxc5 Be5 19. Bxe5 Qxe5) 18. Qb2 (18. Bc5 $11 {and White stays safe.} Bd6 19. Bd4) 18... Bxd4 $1 $19 19. Qxd4 {[%emt 0:00:16] [#]} Rd8 {[%emt 0:00:07][%cal Od5f4] aiming for ...Nf4!} 20. Bf1 Nxb4 $2 21. Qxb4 $11 Qf6 22. Bxh3 $4 c5 $1 {[%emt 0:00:33] Weighted Error Value: White=1.10/Black=0.31} 0-1

[Event "EYTCC Open U18 2022"]
[Site "Thessaloniki"]
[Date "2022.07.18"]
[Round "7.24"]
[White "Lavrencic, Matic"]
[Black "Antal, Hunor-Zoltan"]
[Result "1/2-1/2"]
[ECO "B60"]
[WhiteElo "2151"]
[BlackElo "2263"]
[Annotator "TA"]
[PlyCount "71"]
[EventDate "2022.07.12"]
[EventType "team-tourn"]
[EventCountry "GRE"]
[SourceTitle "playchess.com"]
[Source "ChessBase"]
[SourceQuality "1"]
[WhiteTeam "Slovenia"]
[BlackTeam "Romania"]
[WhiteTeamCountry "SLO"]
[BlackTeamCountry "ROU"]
[TimeControl "40/5400+30:1800+30"]

1. e4 {[%emt 0:00:03] Gutman,L} c5 2. Nf3 d6 3. d4 cxd4 4. Nxd4 Nf6 5. Nc3 Nc6 6. Bg5 g6 7. Bxf6 exf6 8. Bb5 {[%emt 0:00:31] B60: Sicilian: Richter-Rauzer: Unusual Black 6th moves and 6...Bd7 without 7 Qd2.} Bd7 9. Qd2 a6 10. Ba4 {[%emt 0:01:44] White is slightly better.} Bg7 {[%emt 0:06:17] [#]} 11. Nxc6 $146 ({Predecessor:} 11. O-O-O f5 12. Bxc6 Bxc6 13. Nxc6 bxc6 14. Qxd6 Qxd6 15. Rxd6 Bxc3 16. bxc3 fxe4 17. Re1 {1-0 (29) Meijers,V (2486)-Ivanov,M (2418) Ditzingen 2005 CBM 106 Extra [Gutman,L]}) 11... Bxc6 12. O-O-O {[%emt 0:02:31] Hoping for Bxc6+.} Bxa4 13. Nxa4 O-O 14. Nc3 Qa5 15. Kb1 f5 16. exf5 Bxc3 17. Qxc3 Qxf5 18. Qd2 ({But not} 18. Rxd6 Qxf2 19. Rd2 Qb6 $11) 18... Rac8 19. Rhe1 Rc6 20. Re2 Rfc8 21. Qd3 Qf6 22. Qd4 Qf5 23. Rde1 {[%emt 0:03:18] [#] Intending Re8+ and mate.} Rf8 24. a3 b5 25. f3 (25. h3 {keeps more tension.} a5 26. Qd2 b4 27. axb4 axb4 28. Qxb4 Ra6 29. Re8) 25... Qc5 26. Rd1 {[%emt 0:04:11][%cal Be1d1,Bd1d4,Bd4f4][%mdl 32] White is more active.} Rfc8 27. c3 Qxd4 28. Rxd4 $14 {[%emt 0:01:17][%mdl 4096] Endgame KRR-KRR} Kf8 {[%emt 0:00:42] Prevents Re7.} 29. Kc2 Re8 30. Rxe8+ Kxe8 {[%emt 0:00:02] KR-KR. The position is equal.} 31. Kd3 Kd7 32. Rf4 Ke7 33. Re4+ Kd7 34. Rf4 Ke6 35. Re4+ Kd7 36. Rf4 {Weighted Error Value: White=0.10 (very precise) /Black=0.06 (flawless)} 1/2-1/2

[Event "EYTCC Open U18 2022"]
[Site "Thessaloniki"]
[Date "2022.07.18"]
[Round "7.25"]
[White "Trost, Edvin"]
[Black "Bilych, Olexiy"]
[Result "1/2-1/2"]
[ECO "E10"]
[WhiteElo "2345"]
[BlackElo "2365"]
[Annotator "TA"]
[PlyCount "158"]
[EventDate "2022.07.12"]
[EventType "team-tourn"]
[EventCountry "GRE"]
[SourceTitle "playchess.com"]
[Source "ChessBase"]
[SourceQuality "1"]
[WhiteTeam "Sweden"]
[BlackTeam "Ukraine"]
[WhiteTeamCountry "SWE"]
[BlackTeamCountry "UKR"]
[TimeControl "40/5400+30:1800+30"]

1. d4 Nf6 2. c4 e6 3. Nf3 d5 4. g3 Bb4+ 5. Bd2 a5 6. Bg2 dxc4 7. Qc2 {[%emt 0:00:54] E04: Open Catalan: 5 Nf3.} Bxd2+ 8. Qxd2 b5 9. a4 {[%emt 0:00:19] White is slightly better.} c6 10. axb5 cxb5 11. Qg5 O-O 12. Qxb5 Ba6 13. Qxa5 {[%emt 0:04:35] [#]} Qxa5+ $146 (13... Bb7 $1 $11 14. Qxd8 Rxa1 15. Qxf8+ (15. Qb6 $2 Rxb1+ 16. Kd2 c3+ 17. Kxc3 Nd5+ 18. Kd2 Nxb6 $19) 15... Kxf8) ({Predecessor:} 13... Bb7 14. Qxd8 Rxa1 15. Qxf8+ Kxf8 16. O-O Ra2 17. Nbd2 Bxf3 18. Nxf3 Rxb2 19. Rc1 {½-½ (19) Xiong,J (2685)-Dreev,A (2623) Chess.com INT 2022}) 14. Rxa5 $16 Nc6 15. Ra3 Nd5 16. O-O Rfb8 17. Nbd2 ({Don't play} 17. e4 Nc7 $14) 17... Rxb2 18. Nxc4 Rbb8 (18... Rxe2 $2 19. Rfa1 Ncb4 20. Bf1) 19. Rfa1 Ncb4 20. Ne1 {[%emt 0:06:44] Against Nc2} Bb7 21. Rxa8 Bxa8 22. Rb1 Nc3 23. Rb2 {[%emt 0:00:15] Bxa8 is the strong threat.} Bxg2 24. Kxg2 Nc6 25. Rc2 Nd5 26. Nf3 Nde7 27. e3 f6 28. Nd6 Rd8 29. Nb7 Rb8 {[%emt 0:00:09] [#]} 30. Nc5 Kf7 31. Nd2 e5 32. dxe5 Nxe5 33. Nde4 g5 34. Ra2 g4 35. Ra6 Ng8 (35... N7c6 $16 {was worth a try.}) 36. Ra7+ $18 Kg6 37. Nd7 {[%emt 0:00:08] Inhibits Rb6.} (37. Ne6 $18 {has better winning chances.}) 37... Nxd7 $16 38. Rxd7 {[%emt 0:00:13][%mdl 4096] Endgame KRN-KRN} h5 (38... f5 $16) 39. Nc5 Rb6 40. Nd3 f5 (40... Kh6 $142 41. Nf4 Rb5) 41. Nf4+ $18 Kh6 42. Rd5 Rf6 43. Re5 {[%emt 0:03:05] Against Ne7} Kg5 $2 (43... Kh7 {was called for.} 44. Nxh5 Rf7) 44. e4 {[%emt 0:07:10] Threatens to win with Re8.} Nh6 45. Re7 $2 (45. Rd5 $18 {Strongly threatening e5.} Ra6 46. e5) 45... fxe4 $16 46. Rg7+ Kf5 47. Rd7 Kg5 48. Re7 {[%emt 0:02:11] White is more active.} (48. h4+ $14 {feels stronger.} gxh3+ 49. Nxh3+ Kg6 50. Rd4) 48... Rxf4 $11 49. gxf4+ Kxf4 {[%emt 0:00:04] KR-KN} 50. Rh7 Kg5 51. Re7 Kf4 52. Rh7 Kg5 53. Rg7+ Kf4 54. Ra7 Nf5 55. Ra5 h4 56. h3 gxh3+ 57. Kxh3 e3 58. fxe3+ Nxe3 59. Kxh4 Nf5+ 60. Kh3 Ne3 61. Ra4+ Kf3 62. Kh4 Ng2+ 63. Kg5 Ne3 64. Kf6 Ng4+ 65. Kf5 Ne3+ 66. Ke5 Ng4+ 67. Kd4 Kf4 68. Ra1 Kf3 69. Ra8 Nf2 70. Rf8+ Kg3 71. Ke3 Ng4+ 72. Ke2 Nh2 73. Rg8+ Kf4 $2 {[%emt 0:00:09][%mdl 8192] [#]} (73... Ng4 $14) 74. Rh8 $2 (74. Rg2 $1 {mates} Ng4 75. Rg1 Nf6 76. Kd3 Nd5 77. Re1 Nb4+ 78. Kd2 Nd5 79. Rh1) 74... Ng4 {[%emt 0:00:07] The position is equal.} 75. Rh4 Kg3 76. Rh1 Kf4 77. Rf1+ Ke4 78. Rg1 Kf4 79. Rxg4+ Kxg4 {[%emt 0:00:04] Weighted Error Value: White=0.21 (precise) /Black=0.17 (very precise)} 1/2-1/2

[Event "EYTCC Open U18 2022"]
[Site "Thessaloniki"]
[Date "2022.07.18"]
[Round "7.26"]
[White "Prokofiev, Valentyn"]
[Black "Olsson, William"]
[Result "0-1"]
[ECO "D10"]
[WhiteElo "2286"]
[BlackElo "2284"]
[Annotator "TA"]
[PlyCount "64"]
[EventDate "2022.07.12"]
[EventType "team-tourn"]
[EventCountry "GRE"]
[SourceTitle "playchess.com"]
[Source "ChessBase"]
[SourceQuality "1"]
[WhiteTeam "Ukraine"]
[BlackTeam "Sweden"]
[WhiteTeamCountry "UKR"]
[BlackTeamCountry "SWE"]
[TimeControl "40/5400+30:1800+30"]

1. d4 d5 2. c4 c6 3. cxd5 cxd5 4. Bf4 Nc6 5. Nc3 Nf6 6. e3 a6 7. Bd3 e6 8. Nf3 {[%emt 0:02:16] outshines the older 8.Rc1.} Be7 9. O-O Nh5 {[%emt 0:01:04] D13: Slav Defence: Exchange variation without ...Bf5.} 10. Be5 Nxe5 (10... f6 $11 11. Bg3 Nb4) 11. Nxe5 (11. dxe5 $14 g6 12. e4) 11... Nf6 $11 {[%emt 0:00:38] The position is equal.} 12. f4 {[%emt 0:08:41] [#]} g6 $146 ({Predecessor:} 12... O-O 13. Qc2 h6 14. Rac1 Bd7 15. Qe2 Rc8 16. Bb1 g6 17. g4 Bd6 18. Kh1 Be8 {1-0 (31) Mrkonjic,N (2352)-Gardijan,M (2155) Osijek 2005}) 13. g4 Nd7 14. Rc1 O-O 15. Qc2 (15. Nf3 $14) 15... Nxe5 $1 16. dxe5 Bc5 17. Rf3 Bb6 (17... Bd7 $15 {is more appropriate.}) 18. Rcf1 (18. Na4 $11) 18... Bd7 $15 19. Qf2 $2 {[%emt 0:04:52] [#]} ({White should play} 19. Ne2 $15) 19... Bc6 (19... d4 $1 $19 {[%cal Rd4c3] and Black stays clearly on top.} 20. Ne4 (20. exd4 $2 Bc6 $19) 20... dxe3 21. Rxe3 Bc6 22. Nf6+ Kg7) 20. Ne2 ({White should try} 20. Nd1) 20... d4 $1 $17 21. e4 {[%emt 0:00:12] [#]} Bxe4 $1 22. f5 $2 ({Wrong is} 22. Bxe4 $2 d3 23. Re3 dxe2 $19) (22. Ng3 Bxf3 23. Qxf3) 22... exf5 23. gxf5 Bxf3 {[%emt 0:00:30] A strong pair of Bishops.} 24. f6 $2 (24. Qxf3 Qe7 25. e6) 24... Bc6 $19 25. Qh4 Qd5 26. Kf2 Qxe5 (26... Qf3+ $142 27. Ke1 Ba5+ 28. Nc3 Qe3+ 29. Kd1 dxc3 30. bxc3 Bxc3 31. Rf2 Qxd3+ 32. Kc1 Rfd8 33. Qg4 Be4 34. Qxg6+ hxg6 35. h4 Qd1#) 27. Ke1 Ba5+ {[%emt 0:01:00] Black mates.} 28. Kd1 Qe3 29. Kc2 Qd2+ 30. Kb1 Qxd3+ 31. Ka1 Qxe2 32. Rb1 Bd2 {[%emt 0:00:11] Weighted Error Value: White=1.26/Black=0.44} 0-1